 Dungeon Crawl Stone Soup version 0.20-a0-1122-gb7cbeb9 (webtiles) character file.

427 Gorglomux the Sneak (level 6, -9/28 HPs)
             Began as a Vine Stalker Assassin on May 14, 2017.
             Was a Follower of Hepliaklqana.
             Mangled by a hornet (11 damage)
             ... while paralysed by a hornet
             ... on level 5 of the Dungeon.
             The game lasted 00:11:16 (4142 turns).

Gorglomux the Sneak (Vine Stalker Assassin)         Turns: 4142, Time: 00:11:17

Health: -9/28      AC:  3    Str: 13    XL:     6   Next: 97%
Magic:  0/7        EV:  2    Int: 11    God:    Hepliaklqana [*.....]
Gold:   109        SH:  0    Dex: 18    Spells: 5/5 levels left

rFire    x . .     SeeInvis .   b - +0 blowgun
rCold    + . .     Gourm    .   (no shield)
rNeg     . . .     Faith    .   c - +0 robe
rPois    .         Spirit   +   (no helmet)
rElec    .         Reflect  .   d - +0 cloak
rCorr    .         Harm     .   (no gloves)
MR       .....                  (no boots)
Stlth    ++++......             (no amulet)
Regen    0.5/turn               B - ring of ice {rC+, rF-}
MPRegen  0.1/turn               (no ring)

@: paralysed, lethally poisoned (-9 -> -15), slowed
A: reduced essence, fangs 2, regeneration 1, magic shield, antimagic bite, no
potion heal 3, rot immunity
a: Recall Ancestor, Ancestor Identity, Renounce Religion


You were on level 5 of the Dungeon.
You worshipped Hepliaklqana.
Hepliaklqana was aware of your devotion.
You were not hungry.

You visited 1 branch of the dungeon, and saw 5 of its levels.

You collected 109 gold pieces.

Inventory:

Hand Weapons
 a - a +2 dagger of venom
   (You took it off a kobold on level 1 of the Dungeon)
 b - a +0 blowgun (weapon)
 o - a +2 dagger
Missiles
 e - 38 poisoned needles (quivered)
Armour
 c - a +0 robe (worn)
 d - a +0 cloak (worn)
Jewellery
 B - a ring of ice (left hand) {rC+, rF-}
   (You found it on level 3 of the Dungeon)
Wands
 G - a wand of confusion (8/48)
   (You found it on level 5 of the Dungeon)
Scrolls
 i - 3 scrolls of teleportation
 k - a scroll of recharging {unknown}
 n - 2 scrolls of fog {unknown}
 p - a scroll of magic mapping {unknown}
 q - 2 scrolls of enchant weapon {unknown}
 v - 4 scrolls of identify {unknown}
 x - 2 scrolls of remove curse
 y - a scroll of immolation {unknown}
 A - a scroll of noise {unknown}
 F - a scroll of blinking {unknown}
Potions
 j - a potion of haste {unknown}
 l - a potion of berserk rage {unknown}
 m - a potion of degeneration {unknown}
 r - a potion of invisibility {unknown}
 s - 2 potions of brilliance {unknown}
 t - a potion of flight {unknown}
 u - a potion of might {unknown}
 z - a potion of magic {unknown}
 C - a potion of heal wounds {unknown}
 E - a potion of mutation {unknown}
Comestibles
 g - 5 bread rations {@e1@e1}
 h - 4 meat rations {@e2@e2}
 w - 2 chunks of flesh {@w0@w0}
 D - 2 fruits


   Skills:
 + Level 3.3 Fighting
 * Level 3.6 Short Blades
 - Level 2.7 Throwing
 + Level 2.4 Dodging
 + Level 6.5 Stealth


You had 5 spell levels left.
You didn't know any spells.

Dungeon Overview and Level Annotations

Branches:
Dungeon (5/15)
 Temple: D:4-7

Altars:
Hepliaklqana

Annotations:
D:3 nikopol's ghost, amateur GrBe


Innate Abilities, Weirdness & Mutations

You have extremely sharp teeth.
Your natural rate of healing is unusually fast.
When hurt, damage is shared between your health and your magic reserves.
Your bite disrupts and absorbs the magic of your enemies.
Potions cannot restore your health.
You are immune to rotting.
Your life essence is reduced. (-10% HP)


Message History

You kill the frilled lizard!
No target in view!
E - a metallic green potion Done exploring.
Done exploring.
Done exploring.
No target in view!
No target in view!
(D) Dungeon
Where to? (Enter - D:4, ? - help)
There is an open door here.
There is an open door here.
There is a stone staircase leading down here.
You climb downwards.
There is a stone staircase leading up here.
Found a stone staircase leading down.
No target in view!
No target in view!
F - a scroll labeled GAIBUV AWKU You swap places.
Found a stone staircase leading down.
You see here a leather armour.
G - a wand of confusion (?/48) No target in view!
A hound skeleton comes into view.
A hound skeleton is nearby!
A hound skeleton is nearby!
A hornet comes into view.
The hound skeleton bites you.
Found a stone staircase leading down.
You see here a dagger.
You take 1 damage, and have 27/28 hp.
You barely miss the hound skeleton. The hound skeleton bites you.
You barely miss the hound skeleton. You bite the hound skeleton.
You drain its power. The hound skeleton bites you.
You take 2 damage, and have 25/28 hp.
You hit the hound skeleton.
The hound skeleton bites you but does no damage.
You barely miss the hound skeleton. The hound skeleton closely misses you.
You hit the hound skeleton. You bite the hound skeleton. You drain its power.
The hornet buzzes angrily.
The hound skeleton bites you.
You take 2 damage, and have 24/28 hp.
You now have 6/7 mp.
You hit the hound skeleton.
You destroy the hound skeleton!
You swap places.
The hornet stings Garglamoxas but does no damage. x2
Garglamoxas closely misses the hornet.
What are your orders? t - Shout!
Orders for allies: a - Attack new target. r - Retreat! s - Stop attacking. g - Guard the area. f - Follow me.
Anything else - Cancel.
Retreat in which direction?
Fall back!
The hornet stings Garglamoxas!
The hornet stings Garglamoxas.
Your +2 dagger of venom stops dripping with poison.
b - a +0 blowgun (weapon)
Aim: a hornet You shoot a curare-tipped needle.
The curare-tipped needle closely misses the hornet.
Aim: a hornet You shoot a curare-tipped needle.
The curare-tipped needle barely misses the hornet.
The hornet stings you!
You are poisoned.
You feel yourself slow down.
You take 11 damage, and have 16/28 hp.
MASSIVE DAMAGE!!
You now have 4/7 mp.
Here: a hornet The floor.
Aim: a hornet (chance to defeat MR: 37%)
The hornet easily resists.
Evoking this partially-identified wand wasted a few charges.
You feel sick. The hornet stings you.
You feel as though you will be slow longer.
The hornet barely misses you.
You take 2 damage, and have 14/28 hp.
Aim: a hornet (chance to defeat MR: 37%)
The hornet easily resists.
Evoking this partially-identified wand wasted a few charges.
You feel sick. The hornet misses you. The hornet closely misses you. x2
You take 1 damage, and have 13/28 hp.
Aim: a hornet (chance to defeat MR: 37%)
The hornet easily resists.
Evoking this partially-identified wand wasted a few charges.
You feel sick. The hornet stings you.
You feel as though you will be slow longer.
The hornet closely misses you.
You take 3 damage, and have 10/28 hp.
You now have 4/7 mp.
Aim: a hornet (chance to defeat MR: 37%)
The hornet easily resists.
Evoking this partially-identified wand wasted a few charges.
You feel sick. The hornet stings you!
* * * LOW HITPOINT WARNING * * *
You are lethally poisoned!
You suddenly lose the ability to move!
The hornet stings you!
You die...

...R#[..........#.##..#
.....>..........#.##..#
......................#
.##..###...######.#####
.....# #...# #.# .....#
#...######.#
..................#
##..........#####.#########
....## #.....@y.)...(..#
########.#.##.... #.#.# #
#.#>. #.#..# #..... #......
####..#


You could see a hornet.

Vanquished Creatures
  A scorpion (D:4)
  A howler monkey (D:4)
  2 hounds (D:4)
  2 worker ants (D:4)
  2 hound skeletons
  A gnoll (D:1)
  8 adders
  An ooze (D:4)
  5 worms
  3 dart slugs
  A leopard gecko (D:2)
  2 orcs
  A ball python (D:4)
  2 giant cockroaches
  8 goblins
  10 hobgoblins
  6 jackals
  3 quokkas
  8 bats
  7 frilled lizards
  9 kobolds
  11 rats
94 creatures vanquished.

Vanquished Creatures (collateral kills)
  An adder (D:4)
  A leopard gecko (D:4)
  A jackal (D:4)
  A jackal skeleton (D:4)
4 creatures vanquished.

Grand Total: 98 creatures vanquished

Notes
Turn   | Place    | Note
-------+----------+-------------------------------------------
     0 | D:1      | Gorglomux the Vine Stalker Assassin began the quest for the Orb.
     0 | D:1      | Reached XP level 1. HP: 11/11 MP: 2/2
     4 | D:1      | Gorglomux: how rude is this
    12 | D:1      | PeterMcNeter: lol
    12 | D:1      | Gorglomux: how do i get out
    95 | D:1      | Gorglomux: this is clearly the most bullshit i have ever seen
    95 | D:1      | Gorglomux: from really far
    95 | D:1      | PeterMcNeter: oh god
    97 | D:1      | Reached skill level 1 in Dodging
   121 | D:1      | Reached skill level 2 in Throwing
   132 | D:1      | HP: 1/11 [jackal (2)]
   135 | D:1      | Reached skill level 5 in Stealth
   135 | D:1      | Reached XP level 2. HP: 2/15 MP: 0/3
   240 | D:1      | HP: 2/15 [goblin/club (3)]
   508 | D:1      | Gorglomux: was easy
   515 | D:1      | Reached skill level 2 in Short Blades
   967 | D:1      | Reached skill level 2 in Fighting
   967 | D:1      | Reached XP level 3. HP: 10/18 MP: 4/4
  1649 | D:2      | Gained mutation: Your natural rate of healing is unusually fast. [Vine Stalker growth]
  1649 | D:2      | Reached XP level 4. HP: 23/23 MP: 5/5
  2123 | D:2      | Found a hazy altar of Hepliaklqana.
  2276 | D:2      | Became a worshipper of Hepliaklqana the Forgotten
  2277 | D:2      | Gorglomux: hmm
  2277 | D:2      | Gorglomux: well
  2277 | D:2      | PeterMcNeter: i'm not good at names :D
  2277 | D:2      | Gorglomux: me neither
  2360 | D:3      | Reached XP level 5. HP: 24/24 MP: 6/6
  2804 | D:3      | Noticed nikopol's ghost (amateur GrBe)
  3452 | D:4      | Reached skill level 2 in Dodging
  3452 | D:4      | Reached skill level 6 in Stealth
  3452 | D:4      | Reached XP level 6. HP: 28/28 MP: 7/7
  3462 | D:4      | Reached skill level 3 in Fighting
  3529 | D:4      | Reached * piety under Hepliaklqana
  3536 | D:4      | Reached skill level 3 in Short Blades
  3771 | D:4      | HP: 7/28 [worker ant (3)]
  3777 | D:4      | HP: 6/28 [quokka (4)]
  4064 | D:5      | Entered Level 5 of the Dungeon
  4125 | D:5      | Noticed a hornet
  4139 | D:5      | Gorglomux: susceptible to poison
  4142 | D:5      | HP: 2/28 [hornet (8)]
  4142 | D:5      | Paralysed by a hornet for 2 turns
  4142 | D:5      | Mangled by a hornet

Vault maps used:
D:1:      dpeg_arrival_windows_large_door
D:2:      old_standard_altar, first_bread
D:5:      minmay_temple_entry_hall, serial_shops, shop, trog_wizard

Skill      XL: |  1  2  3  4  5  6 |
---------------+-------------------+-----
Dodging        | 1 2 |  2.4
Throwing       | 2 |  2.7
Stealth        | 5 6 |  6.5
Short Blades   | 2 3 |  3.6
Fighting       | 2 3 |  3.3

Action                   |  1- 3 |  4- 6 || total
-------------------------+-------+-------++-------
Melee: Dagger            |    53 |   151 ||   204
       Bite              |    11 |    34 ||    45
 Fire: Blowgun           |    32 |     4 ||    36
Invok: Ancestor Identity |       |     2 ||     2
       Recall Ancestor   |       |     1 ||     1
Evoke: Wand              |       |     4 ||     4
  Use: Scroll            |       |     2 ||     2
 Stab: Sleeping          |     5 |    19 ||    24
  Eat: Chunk             |     2 |     8 ||    10
Armor: Robe              |    24 |    21 ||    45
Dodge: Dodged            |    68 |    84 ||   152

Vault maps used:
D:1:      dpeg_arrival_windows_large_door
D:2:      old_standard_altar, first_bread
D:5:      minmay_temple_entry_hall, serial_shops, shop, trog_wizard

Table legend:
 A = Turns spent in this place as a percentage of turns spent in the entire game.
 B = Non-inter-level travel turns spent in this place as a percentage of non-inter-level travel turns spent in the entire game.
 C = Inter-level travel turns spent in this place as a percentage of turns spent in this place.
 D = Turns resting spent in this place as a percentage of non-inter-level travel turns spent in this place.
 E = Turns spent auto-exploring this place as a percentage of non-inter-level travel turns spent in this place.
 F = Non-inter-level travel turns spent in this place divided by the number of levels of this place that you've seen.
                   A       B       C       D       E      F
               +-------+-------+-------+-------+-------+----------------------
         Total | 100.0 | 100.0 |   0.5 |   0.5 |   8.3 | 295.2
       Dungeon | 100.0 | 100.0 |   0.5 |   0.5 |   8.3 | 295.2
               +-------+-------+-------+-------+-------+----------------------

Table legend:
 A = Kills in this place as a percentage of kills in entire the game.
 B = Kills by you in this place as a percentage of kills by you in the entire game.
 C = Kills by friends in this place as a percentage of kills by friends in the entire game.
 D = Other kills in this place as a percentage of other kills in the entire game.
 E = Experience gained in this place as a percentage of experience gained in the entire game.
 F = Experience gained in this place divided by the number of levels of this place that you have seen.
                   A       B       C       D       E      F
               +-------+-------+-------+-------+-------+----------------------
         Total | 100.0 | 100.0 | 100.0 |  -nan | 100.0 | 122.2
       Dungeon | 100.0 | 100.0 | 100.0 |  -nan | 100.0 | 122.2
               +-------+-------+-------+-------+-------+----------------------
